 Dungeon Crawl Stone Soup version 0.21-b1-23-g1fb0a74 (webtiles) character file.

3594 myopia the Cleaver (level 10, -14/139 HPs)
             Began as a Hill Orc Fighter on Jan 5, 2018.
             Was a Believer of Trog.
             Killed from afar by Erica (27 damage)
             ... with an orb of energy
             ... on level 7 of the Dungeon.
             The game lasted 00:29:43 (7605 turns).

myopia the Cleaver (Hill Orc Fighter)               Turns: 7605, Time: 00:29:45

Health: -14/139    AC:  9    Str: 25    XL:     10   Next: 10%
Magic:  10/10      EV:  9    Int:  8    God:    Trog [**....]
Gold:   38         SH: 13    Dex: 13    Spells: 9/9 levels left

rFire    . . .     SeeInvis .   a - +0 war axe
rCold    . . .     Gourm    .   c - +1 shield
rNeg     . . .     Faith    .   b - +0 scale mail
rPois    .         Spirit   .   e - +0 helmet
rElec    .         Reflect  .   q - scarf {cloud immunity}
rCorr    .         Harm     .   (no gloves)
MR       .....                  m - +0 pair of boots
Stlth    ..........             (no amulet)
HPRegen  0.33/turn              (no ring)
MPRegen  0.12/turn              (no ring)

@: berserking, lethally poisoned (-14 -> -15), starving, very quick
A: no striking features
a: Berserk, Trog's Hand, Burn Spellbooks, Renounce Religion


You were on level 7 of the Dungeon.
You worshipped Trog.
Trog was pleased with you.
You were starving.

You visited 2 branches of the dungeon, and saw 9 of its levels.

You collected 323 gold pieces.
You spent 285 gold pieces at shops.

Inventory:

Hand Weapons
 a - a +0 war axe (weapon)
Armour
 b - a +0 scale mail (worn)
 c - a +1 shield (worn)
 e - a +0 helmet (worn)
 m - a +0 pair of boots (worn)
 q - a scarf of cloud immunity (worn)
Jewellery
 u - a cursed amulet of inaccuracy {unknown}
Wands
 i - a wand of paralysis (14)
 w - a wand of flame (14)
Scrolls
 d - a scroll of random uselessness {unknown}
 h - 2 scrolls of identify
 l - 3 scrolls of teleportation
 n - 2 scrolls of blinking
 p - a scroll of magic mapping {unknown}
 r - 3 scrolls of amnesia {unknown}
 t - 3 scrolls of enchant weapon {unknown}
 v - 2 scrolls of remove curse
Potions
 g - 2 potions of brilliance
 j - a potion of agility
 k - 2 potions of haste
 o - a potion of cancellation
 s - 3 potions of flight
 x - 2 potions of might
 A - a potion of heal wounds
 B - a potion of curing
Comestibles
 f - 10 rations


   Skills:
 - Level 10.1 Fighting
 - Level 10.1 Axes
 + Level 4.4 Armour
 - Level 10.0 Shields


You had 9 spell levels left.
You didn't know any spells.

Dungeon Overview and Level Annotations

Branches:
Dungeon (8/15)             Temple (1/1) D:7
   Lair: D:8-11

Altars:
Cheibriados
Dithmenos
Elyvilon
Hepliaklqana
Kikubaaqudgha
Makhleb
Nemelex Xobeh
Okawaru
Trog
Wu Jian
Yredelemnul
Zin
The Shining One

Shops:
D:4 %   D:7 !

Annotations:
D:7 1 transporter, Erica


Message History

You miss something.
You feel sick. Something hits you but does no damage.
A red film seems to cover your vision as you go berserk!
You feel yourself moving faster!
You feel mighty!
You are near starving!
Something hits you but does no damage.
You slash something!
You are starving!
You feel sick.
You miss something. Something hits you!
* * * LOW HITPOINT WARNING * * *
Something burns you.
* * * LOW HITPOINT WARNING * * *
You barely miss something.
Your skin stops crawling.
You feel less resistant to hostile enchantments.
You feel sick.
You hear some strange, mumbled words.
An orb of energy appears from out of thin air!
The orb of energy hits you!
You die...

#.#####...####............
#............+......8.8.8.
#######...####.......⌠.⌠..
#.........#.....8.>.8.
#.........##....[⌠.⌠..
#.........###...8.8.8.
#.........# ##'.......
#....[...<# #.#.#####
#....@>...# #.#......
#....{....####.#.#####
#................#
#.........##.....#####
###.................Z.
#....###############
#....#8P#;≈≈≈;≈≈#P8#
##...#..#.......#..#
#..©#©(+...♣...'.©#


You could see an electric eel.

Vanquished Creatures
  The ghost of shaad the Cudgeler, a novice TrFi (D:6)
  A hippogriff (D:7)
  A steam dragon (D:7)
  Menkaure (D:7)
  3 ice beasts
  A sky beast (D:6)
  A black bear (D:7)
  3 phantoms
  3 ogres
  A centaur (D:7)
  6 bullfrogs
  4 scorpions
  A water moccasin skeleton (D:6)
  2 howler monkeys
  A crimson imp (D:5)
  A bullfrog zombie (D:5)
  2 centaur zombies
  Crazy Yiuf (D:3)
  A jelly (D:7)
  5 orc priests
  3 hounds
  An iguana (D:4)
  8 orc wizards
  A worker ant (D:7)
  A hound zombie (D:7)
  Robin (D:3)
  A worker ant zombie (D:5)
  7 gnolls
  9 adders
  An ooze (D:1)
  5 worms
  A dart slug (D:4)
  4 leopard geckos
  25 orcs
  2 bats
  6 giant cockroaches
  21 goblins
  10 hobgoblins
  5 jackals
  8 kobolds
  8 frilled lizards
  A jackal zombie (D:5)
  A leopard gecko zombie (D:6)
  7 rats
177 creatures vanquished.

Vanquished Creatures (others)
  An ogre (D:8)
  A plant (D:6)
2 creatures vanquished.

Grand Total: 179 creatures vanquished

Notes
Turn   | Place    | Note
-------+----------+-------------------------------------------
     0 | D:1      | myopia the Hill Orc Fighter began the quest for the Orb.
     0 | D:1      | Reached XP level 1. HP: 19/19 MP: 1/1
   168 | D:1      | Reached XP level 2. HP: 21/26 MP: 2/2
   694 | D:2      | Found a basalt altar of Yredelemnul.
   719 | D:1      | Reached XP level 3. HP: 9/31 MP: 3/3
  1016 | D:2      | Reached skill level 5 in Axes
  1030 | D:2      | Reached XP level 4. HP: 37/39 MP: 4/4
  1862 | D:3      | Found a hazy altar of Hepliaklqana.
  1863 | D:3      | Found a bloodstained altar of Trog.
  1887 | D:3      | Became a worshipper of Trog the Wrathful
  1909 | D:3      | Reached XP level 5. HP: 30/45 MP: 5/5
  2494 | D:3      | Found a runed door.
  2584 | D:3      | Noticed Crazy Yiuf
  2590 | D:3      | Killed Crazy Yiuf
  2590 | D:3      | Reached XP level 6. HP: 51/51 MP: 6/6
  2741 | D:4      | Reached * piety under Trog
  2742 | D:4      | Noticed Robin
  2933 | D:3      | Killed Robin
  3254 | D:4      | Found a shadowy altar of Dithmenos.
  3370 | D:4      | Found a snail-covered altar of Cheibriados.
  3430 | D:4      | HP: 1/51 [orc priest/whip (6)]
  3436 | D:4      | HP: 2/51 [orc priest/whip (2)]
  3437 | D:4      | Reached XP level 7. HP: 3/57 MP: 7/7
  3537 | D:4      | Found an iron altar of Okawaru.
  3603 | D:4      | Reached skill level 10 in Axes
  3856 | D:4      | Reached ** piety under Trog
  3980 | D:4      | Found Cich's Food Boutique.
  4029 | D:4      | Reached skill level 5 in Shields
  4104 | D:5      | Entered Level 5 of the Dungeon
  4310 | D:5      | Found a glowing silver altar of Zin.
  4311 | D:5      | Found a white marble altar of Elyvilon.
  4312 | D:5      | Found a glowing golden altar of the Shining One.
  4348 | D:5      | Reached XP level 8. HP: 55/64 MP: 8/8
  4802 | D:6      | Noticed shaad's ghost (novice TrFi)
  5031 | D:6      | Killed shaad's ghost
  5045 | D:6      | Reached XP level 9. HP: 38/70 MP: 9/9
  5070 | D:6      | Reached skill level 10 in Shields
  5227 | D:6      | Reached skill level 5 in Fighting
  5298 | D:6      | Found an ornate altar of the Wu Jian Council.
  5389 | D:6      | Found a burning altar of Makhleb.
  5903 | D:6      | Found a sparkling altar of Nemelex Xobeh.
  6342 | D:7      | Reached *** piety under Trog
  6354 | D:7      | Found an ancient bone altar of Kikubaaqudgha.
  6387 | D:7      | Found a staircase to the Ecumenical Temple.
  6412 | D:7      | Noticed Menkaure
  6419 | D:7      | Killed Menkaure
  6433 | Temple   | Entered the Ecumenical Temple
  6689 | D:7      | Found a transporter.
  6695 | D:7      | Found a transporter.
  6929 | D:7      | Found a sparkling altar of Nemelex Xobeh.
  7008 | D:7      | Found Kixejuol's Distillery.
  7026 | D:7      | Bought a potion of heal wounds for 75 gold pieces
  7026 | D:7      | Bought a potion of might for 60 gold pieces
  7026 | D:7      | Bought a potion of curing for 45 gold pieces
  7026 | D:7      | Bought a potion of flight for 45 gold pieces
  7026 | D:7      | Bought a potion of brilliance for 60 gold pieces
  7164 | D:7      | Reached XP level 10. HP: 71/93 MP: 10/10
  7579 | D:7      | Reached skill level 10 in Fighting
  7588 | D:8      | Noticed Erica
  7605 | D:7      | Killed from afar by Erica

Skill      XL: |  1  2  3  4  5  6  7  8  9 10 |
---------------+-------------------------------+-----
Axes           | 3 4 5 6 8 9 10 | 10.1
Shields        | 6 9 10 | 10.0
Fighting       | 9 10 | 10.1
Armour         | 4 |  4.4

Action                   |  1- 3 |  4- 6 |  7- 9 | 10-12 || total
-------------------------+-------+-------+-------+-------++-------
Melee: War axe           |    85 |   207 |   423 |    31 ||   746
Invok: Trog's Hand       |       |       |     3 |     1 ||     4
       Berserk           |       |       |     1 |     1 ||     2
  Use: Scroll            |       |     8 |     3 |       ||    11
       Potion            |       |     1 |     3 |       ||     4
  Eat: Chunk             |       |     8 |     8 |     1 ||    17
       Ration            |       |       |     2 |       ||     2
Armor: Scale mail        |    49 |    66 |   138 |    15 ||   268
Dodge: Dodged            |    29 |    44 |    86 |     9 ||   168
Block: Shield            |    43 |    89 |   229 |    17 ||   378
